 Dungeon Crawl Stone Soup version 0.29.1-15-g9cfb28693d (webtiles) character file.

Game seed: 4313161717204310830

32 hawla the Magician (level 3, -7/30 HPs)
             Began as a Meteoran Wanderer on Apr 5, 2023.
             Splashed by a jelly's acid (9 damage)
             ... on level 3 of the Dungeon.
             The game lasted 00:04:06 (482 turns).

hawla the Magician (Meteoran Wanderer)               Turns: 482, Time: 00:04:07

Health: -7/30      AC: -2    Str: 14    XL:     3   Next: 64%
Magic:  6/10       EV: 11    Int: 18    God:
Gold:   41         SH:  0    Dex: 10    Spells: 8/11 levels left

rFire   . . .      SeeInvis .   a - +0 club
rCold   + . .      Faith    .   (no shield)
rNeg    . . .      Spirit   .   c - +0 robe
rPois   .          Reflect  .   (no helmet)
rElec   .          Harm     .   (no cloak)
rCorr   .          Rampage  .   (no gloves)
Will    .....                   (no boots)
Stlth   +.........              (no amulet)
HPRegen 0.10/turn               d - ring of protection from cold
MPRegen 0.12/turn               (no ring)

@: corroded, glowing
A: sense surroundings 1, otherworldly, glowing, explore regen
a: no special abilities


You were on level 3 of the Dungeon.
You visited 1 branch of the dungeon, and saw 3 of its levels.

You collected 41 gold pieces.

Inventory:

Hand Weapons
 a - a +0 club (weapon)
Armour
 c - a +0 robe (worn)
Jewellery
 d - a ring of protection from cold (left hand)
Scrolls
 e - 2 scrolls of fear
 f - 2 scrolls of poison
 g - a scroll of identify
Potions
 b - a potion of lignification


   Skills:
 + Level 2.4 Fighting
 + Level 0.2 Maces & Flails
 + Level 1.5 Dodging
 + Level 4.6 Spellcasting
 + Level 4.2 Summonings
 + Level 1.2 Fire Magic


You had 8 spell levels left.
You knew the following spells:

 Your Spells              Type           Power      Damage    Failure   Level
a - Summon Small Mammal   Summ           76%        N/A       2%          1
b - Call Imp              Summ           19%        N/A       3%          2

Your spell library contained the following spells:

 Spells                   Type           Power      Damage    Failure   Level
 Foxfire                  Conj/Fire      24%        2x1d5     11%         1
 Beastly Appendage        Tmut           8%         N/A       14%         1
 Summon Guardian Golem    Hex/Summ       11%        N/A       17%         3
 Wereblood                Tmut           4%         N/A       22%         2
 Ignite Poison            Fire/Tmut/Pois 5%         N/A       34%         3
 Spider Form              Tmut/Pois      4%         N/A       38%         3
 Summon Ice Beast         Ice/Summ       11%        N/A       50%         4
 Orb of Destruction       Conj           2%         9d5       100%        7
 Spellforged Servitor     Conj/Summ      5%         N/A       100%        7


Dungeon Overview and Level Annotations

Branches:
Dungeon (3/15) Zot: 1304

Altars:


Innate Abilities, Weirdness & Mutations

You passively map a small area around you.
You are easily found by Zot.
You glow in the dark.
You regain HP and MP as you explore.


Message History

The orc dies!
Casting: Summon Small Mammal (safe; 2% risk of failure)
Confirm with . or Enter, or press ? or * to list all spells.
The jelly hits your quokka but does no damage.
Your quokka bites the jelly.
Your quokka is burned by acid!
Your quokka bites the jelly.
Your quokka is burned by acid!
The jelly hits your quokka.
Your quokka dies!
Your quokka's corpse disappears in a puff of smoke!
Your quokka bites the jelly.
Your quokka is burned by acid!
Your quokka dies!
Your quokka's corpse disappears in a puff of smoke!
Casting: Summon Small Mammal (safe; 2% risk of failure)
Confirm with . or Enter, or press ? or * to list all spells.
The jelly closely misses your bat.
Your bat hits the jelly. The acid corrodes your bat!
Your bat is burned by acid!
Your bat hits the jelly.
Your bat seems to be corroded for longer.
Your bat is burned by acid!
Your bat dies!
Your bat's corpse disappears in a puff of smoke!
You hit the jelly. The acid corrodes you!
Your hands burn!
The jelly is almost dead.
The jelly hits you. The acid corrodes you!
You are splashed with acid!
The jelly hits you.
You are splashed with acid!
* * * LOW HITPOINT WARNING * * *
You are too injured to fight recklessly!
You are too injured to fight recklessly!
Unknown command.
Casting: Summon Small Mammal (safe; 2% risk of failure)
Confirm with . or Enter, or press ? or * to list all spells.
A beastly little devil appears in a puff of frigid air.
The jelly hits you.
* * * LOW HITPOINT WARNING * * *
You are splashed with acid!
You die...

, * * , , , * *
* *, , *..< ..,
,*
,)#..########...
,
...............
, * ** #@J.#* ,,
, * ,
###.#...... * *
#..5# ##... *
*.......###,* *
# .###### * * *
, , ,* ** * ** ,
, *


You could see a jelly (ally target) and a friendly white imp (summoned).

Vanquished Creatures
  2 endoplasms
  A giant cockroach (D:1)
  A jackal (D:2)
  2 kobolds (D:1)
  2 bats (D:1)
  2 frilled lizards (D:2)
  A rat (D:1)
11 creatures vanquished.

Vanquished Creatures (collateral kills)
  2 worms (D:2)
  2 orcs
  An endoplasm (D:2)
  2 goblins (D:2)
  2 jackals (D:2)
  2 kobolds (D:2)
  A rat (D:1)
12 creatures vanquished.

Grand Total: 23 creatures vanquished

Notes
Turn   | Place    | Note
-------+----------+-------------------------------------------
     0 | D:1      | hawla the Meteoran Wanderer began the quest for the Orb.
     0 | D:1      | hawla set off with the following items: a +0 club, a potion
                  | of lignification, a +0 robe, a potion of curing; and the
                  | following spells available to memorise: Summon Small
                  | Mammal, Call Imp, Foxfire, Ignite Poison, Summon Ice Beast.
     0 | D:1      | Reached XP level 1. HP: 17/17 MP: 6/6
    98 | D:1      | Learned a level 1 spell: Summon Small Mammal
   157 | D:1      | Found a faded altar of an unknown god.
   179 | D:1      | Reached XP level 2. HP: 10/25 MP: 6/8
   182 | D:1      | Learned a level 2 spell: Call Imp
   263 | D:2      | Reached XP level 3. HP: 30/30 MP: 7/9
   482 | D:3      | Splashed by a jelly's acid

Illustrated notes

Levels and vault maps discovered:
D:1:      dpeg_arrival_more_subterranean_lakeside_camping, layout_basic,
          basic_ecumenical_altar, patterned_corridor
D:2:      layout_loops_ring, nicolae_kite_square_tiling_tiny
D:3:      layout_rooms

Skill      XL: |  1  2 |
---------------+-------+-----
Summonings     | 4 |  4.2
Fighting       | |  2.4
Maces & Flails | |  0.2
Dodging        | |  1.5
Spellcasting   | |  4.6
Fire Magic     | |  1.2

Action                   || total
-------------------------++-------
Melee: Club              ||    45
 Cast: Summon Small Mamm ||    12
       Call Imp          ||     4
  Use: Scroll            ||     4
       Potion            ||     1
Armor: Robe              ||    12
Dodge: Dodged            ||    42
